 Dungeon Crawl Stone Soup version 0.25-a0-474-ga8a2ee3166 (webtiles) character file.

Game seed: 9540399435753971347, levelgen mode: deterministic

21 vurker the Gusty (level 2, -3/12 HPs)
             Began as a Felid Air Elementalist on Feb 7, 2020.
             Slain by Terence
             ... wielding a +0 flail
              (10 damage)
             ... on level 1 of the Dungeon.
             The game lasted 00:01:03 (1405 turns).

vurker the Gusty (Felid Air Elementalist)           Turns: 1405, Time: 00:01:03

Health: -3/12      AC:  1    Str:  4    XL:     2   Next: 65%
Magic:  4/6        EV: 18    Int: 16    God:
Gold:   67         SH:  0    Dex: 16    Spells: 4/5 levels left
                                        Lives:  0   Deaths: 0

rFire    . . .     SeeInvis +   (weapon unavailable)
rCold    . . .     Gourm    .   (shield unavailable)
rNeg     . . .     Faith    .   (armour unavailable)
rPois    .         Spirit   .   (helmet unavailable)
rElec    .         Reflect  .   (cloak unavailable)
rCorr    .         Harm     .   (gloves unavailable)
MR       .....                  (boots unavailable)
Stlth    +++.......             (no amulet)
HPRegen  0.04/turn              (no ring)
MPRegen  0.10/turn              (no ring)

@: quick
A: very small, no armour, no weapons or thrown items, stealth, claws 1, fangs 3,
see invisible, carnivore, speed 1, shaggy fur 1, slow metabolism 1, sharp paws
a: no special abilities


You were on level 1 of the Dungeon.
You were very full.

You visited 1 branch of the dungeon, and saw 2 of its levels.

You collected 67 gold pieces.

Inventory:

Scrolls
 b - a scroll of fear {unknown}
 c - 3 scrolls of teleportation {unknown}
Potions
 a - a potion of agility {unknown}
 d - a potion of heal wounds {unknown}
Comestibles
 e - a ration


   Skills:
 + Level 0.4 Fighting
 - Level 2.6 Dodging
 - Level 2.6 Stealth
 * Level 2.3 Spellcasting
 * Level 1.4 Conjurations
 * Level 3.0 Air Magic


You had 4 spell levels left.
You knew the following spells:

 Your Spells              Type           Power        Failure   Level  Hunger
a - Shock                 Conj/Air       #...         8%          1    #......

Your spell library contained the following spells:

 Spells                   Type           Power        Failure   Level  Hunger
 Swiftness                Chrm/Air       #.......     16%         2    ###....
 Static Discharge         Conj/Air       #.......     24%         3    ###....
 Airstrike                Air            ##........   50%         4    #####..
 Lightning Bolt           Conj/Air       #.........   91%         5    ######.


Dungeon Overview and Level Annotations

Branches:
Dungeon (2/15)

Altars:

Annotations:
D:1 Terence


Innate Abilities, Weirdness & Mutations

You cannot wear armour.
You are incapable of wielding weapons or throwing items.
Your paws allow you to move quietly. (Stealth)
You have sharp claws.
You have razor-sharp teeth.
You have supernaturally acute eyesight. (SInv)
You are carnivorous and can eat meat at any time.
You cover ground quickly.
You are covered in fur. (AC +1)
You have a slow metabolism.
Your sharp claws are effective at attacking unaware monsters.


Message History

The zap hits the hobgoblin but does no damage.
Aim: a hobgoblin (lightly wounded)
The zap hits the hobgoblin.
Aim: a hobgoblin (heavily wounded)
The zap hits the hobgoblin.
You kill the hobgoblin!
You can't see any susceptible monsters within range! (Use Z to cast anyway.)
You can't see any susceptible monsters within range! (Use Z to cast anyway.)
Things that are here:
a +0 dagger; a goblin skeleton
Found an escape hatch in the floor.
There is an escape hatch in the floor here.
Things that are here:
a +0 club; a hobgoblin skeleton A rat comes into view.
A rat is nearby!
A rat is nearby!
Aim: a rat (resting)
The zap hits the rat.
Aim: a rat (heavily wounded)
The zap hits the rat.
You kill the rat!
You can't see any susceptible monsters within range! (Use Z to cast anyway.)
You can't see any susceptible monsters within range! (Use Z to cast anyway.)
You can't see any susceptible monsters within range! (Use Z to cast anyway.) Done exploring.
Done exploring.
Done exploring.
Done exploring.
You can't see any susceptible monsters within range! (Use Z to cast anyway.)
You see here a cursed +0 club.
There is a stone staircase leading down here.
You climb downwards.
A frilled lizard and Terence come into view.
Found a short sword and 24 gold pieces.
There is a stone staircase leading up here.
The zap hits Terence.
Terence shouts!
The zap hits Terence.
The frilled lizard hisses angrily.
You hear an angry hiss. x3
An adder comes into view.
You climb upwards.
There is a stone staircase leading down here.
Terence hits you with a +0 flail.
Okay, then.
The zap hits Terence. x2
The zap hits Terence but does no damage.
The zap hits Terence.
Terence hits you with a +0 flail!
Ouch! That really hurt!
You die...

.....###..# #.# #.##.##.#
..........# ###.# ######.##.##.#
....####.## #...# #..>.........#
...#####.####.#.###.###.....####
^........##...#...#.###..#.##
.##########.#####....###...# ##
#...#...........## # #####
#.#.#.##...####.## ###...##
#.#..@@........>.# ##.###.#
#>#######.#####..# ...# #.# #.#
#.# #..# ##.###.####.#######.#
#..# ##.................# ##..#
##.####.#.#.#####.# #...# #.#
#.#...# #.# #..## #.# #.###.#
#.####..# ####.# #.....#
#.......#


You could see Terence.

Vanquished Creatures
  A dart slug (D:1)
  A leopard gecko (D:1)
  A bat (D:1)
  5 hobgoblins (D:1)
  2 kobolds (D:1)
  2 frilled lizards (D:1)
  3 goblins (D:1)
  2 rats (D:1)
17 creatures vanquished.

Notes
Turn   | Place    | Note
-------+----------+-------------------------------------------
     0 | D:1      | vurker the Felid Air Elementalist began the quest for the
                  | Orb.
     0 | D:1      | Reached XP level 1. HP: 7/7 MP: 4/4
    37 | D:1      | Reached skill level 1 in Conjurations
   497 | D:1      | Reached XP level 2. HP: 8/11 MP: 0/6
  1190 | D:1      | Reached skill level 3 in Air Magic
  1392 | D:2      | Noticed Terence
  1405 | D:1      | Slain by Terence

Levels and vault maps discovered:
D:1:      eino_arrival_cavern_c, layout_loops_ring
D:2:      layout_rooms, uniq_natasha, uniq_terence

Skill      XL: |  1  2 |
---------------+-------+-----
Conjurations   | 1 |  1.4
Air Magic      | 3 |  3.0
Fighting       | |  0.4
Dodging        | |  2.6
Stealth        | |  2.6
Spellcasting   | |  2.3

Action                   || total
-------------------------++-------
Melee: Unarmed           ||     7
 Cast: Shock             ||    43
  Eat: Chunk             ||     8
Armor: Skin              ||     2
Dodge: Dodged            ||    12

Table legend:
 A = Non-vault XP
 B = Vault XP
 C = Vault XP percentage of total XP
 D = Non-vault monster count
 E = Vault monster count
 F = Vault count percentage of total count
                 A         B        C        D         E       F
            +---------+---------+-------+---------+---------+-------
      Total |      31 |       0 |   0.0 |      17 |       0 |   0.0
            +---------+---------+-------+---------+---------+-------
        D:1 |      31 |       0 |   0.0 |      17 |       0 |   0.0
            +---------+---------+-------+---------+---------+-------
